 Dungeon Crawl Stone Soup version 0.31-a0-1074-g0b22e4e0f1 (webtiles) character file.

Game seed: 18101463212195269093

4144 grandjackal the Trooper (level 10, -2/79 HPs)
             Began as a Demonspawn Gladiator on Nov 30, 2023.
             Was a Follower of Dithmenos.
             Succumbed to a kobold brigand's curare-tipped dart
             ... on level 8 of the Dungeon.
             The game lasted 00:11:52 (7301 turns).

grandjackal the Trooper (Demonspawn Gladiator)      Turns: 7301, Time: 00:11:53

Health: -2/79      AC:  9    Str: 15    XL:     10   Next: 7%
Magic:  13/13      EV: 14    Int: 10    God:    Dithmenos [*.....]
Gold:   343        SH:  5    Dex: 22    Spells: 9/9 levels left

rFire   + . .        a - +0 long sword
rCold   . . .        (no shield)
rNeg    + . .        w - +1 ring mail {rF+}
rPois   .            c - +0 helmet
rElec   .            m - +0 cloak
rCorr   .            (no gloves)
SInv    .            (no boots)
Will    .....        g - amulet of reflection
Stlth   ++++++       G - ring of positive energy
HPRegen 0.33/turn    (no ring)
MPRegen 0.13/turn

%: reflection
@: lethally poisoned (-2 -> -13), slowed, wreathed by umbra, very slow
A: thin skeletal structure 2, demonic guardian 1, demonic touch 1
a: Renounce Religion


You were on level 8 of the Dungeon.
You worshipped Dithmenos.
Dithmenos was aware of your devotion.
You visited 2 branches of the dungeon, and saw 9 of its levels.
You also visited: Bailey.

You collected 343 gold pieces.

Inventory:

Hand Weapons
 a - a +0 long sword (weapon)
 h - a +3 dagger
Missiles
 d - 4 throwing nets (quivered)
 e - 8 javelins
 j - 21 poisoned darts
 B - 2 silver javelins
Armour
 c - a +0 helmet (worn)
 m - a +0 cloak (worn)
 w - a +1 ring mail of fire resistance (worn)
Jewellery
 g - an amulet of reflection (around neck)
 z - a +6 ring of intelligence
 G - a ring of positive energy (left hand)
Wands
 C - a wand of polymorph (9)
 F - a wand of quicksilver (10)
Scrolls
 f - 2 scrolls of amnesia {unknown}
 n - 3 scrolls of immolation {unknown}
 o - 2 scrolls of fear {unknown}
 q - 2 scrolls of noise {unknown}
 r - 4 scrolls of identify {unknown}
 s - 5 scrolls of fog {unknown}
 t - 4 scrolls of teleportation {unknown}
 x - 2 scrolls of vulnerability {unknown}
 y - a scroll of torment {unknown}
 D - a scroll of poison {unknown}
Potions
 b - 2 potions of enlightenment {unknown}
 i - a potion of might {unknown}
 k - 4 potions of curing {unknown}
 p - 2 potions of mutation {unknown}
 u - 2 potions of magic {unknown}
 v - 2 potions of brilliance {unknown}
 A - a potion of ambrosia {unknown}
 E - a potion of lignification {unknown}
Miscellaneous
 l - a phial of floods


   Skills:
 + Level 7.5 Fighting
 + Level 7.2 Long Blades
 - Level 2.0 Throwing
 + Level 5.0 Armour
 - Level 5.0 Dodging
 - Level 6.2 Stealth
 + Level 4.2 Invocations


You had 9 spell levels left.
You didn't know any spells.
Your spell library contained the following spells:

 Spells                   Type           Power      Damage    Failure   Level
 Ensorcelled Hibernation  Hex/Ice        0%         N/A       71%         2
 Jinxbite                 Hex            0%         N/A       71%         2
 Hailstorm                Conj/Ice       0%         3d3       91%         3
 Summon Guardian Golem    Hex/Summ       0%         N/A       91%         3
 Tukima's Dance           Hex            0%         N/A       91%         3
 Anguish                  Hex/Necr       0%         N/A       100%        4
 Animate Armour           Summ/Erth      0%         N/A       100%        4
 Dimensional Bullseye     Hex/Tloc       0%         N/A       100%        4
 Iskenderun's Mystic Bla  Conj/Tloc      0%         2d3       100%        4
 Summon Ice Beast         Ice/Summ       0%         N/A       100%        4
 Summon Lightning Spire   Summ/Air       0%         N/A       100%        4
 Lee's Rapid Deconstruct  Erth           0%         3d4*      100%        5
 Simulacrum               Ice/Necr       0%         N/A       100%        6
 Orb of Destruction       Conj           0%         9d5       100%        7
 Spellforged Servitor     Conj/Summ      0%         N/A       100%        7


Dungeon Overview and Level Annotations

Branches:
Dungeon (8/15)             Temple (1/1) D:6          Bailey (visited)
   Lair: D:8-11

Altars:
Ashenzari
Cheibriados
Dithmenos
Gozag
Hepliaklqana
Kikubaaqudgha
Makhleb
Nemelex Xobeh
Okawaru
Qazlal
Ru
Sif Muna
Trog
Uskayaw
Wu Jian
Xom
Yredelemnul

Shops:
D:3 (((


Innate Abilities, Weirdness & Mutations

You have a moderately thin skeletal structure. (Dex +4, Stealth++)
A weak demonic guardian rushes to your aid.
Your touch may inflict minor irresistible damage on your foes.


Message History

You are too injured to fight recklessly!
You are too injured to fight recklessly!
You are too injured to fight recklessly!
You are too injured to fight recklessly!
You closely miss the kobold brigand.
The kobold brigand is heavily wounded.
The kobold brigand barely misses you. The orc warrior barely misses you.
The kobold brigand misses you.
The orc warrior hits you with a +0 broad axe!
You slash the kobold brigand!
The kobold brigand is almost dead.
You block the kobold brigand's attack. The orc warrior closely misses you.
You slash the kobold brigand!
You kill the kobold brigand!
Dithmenos accepts your kill.
The kobold brigand throws a poisoned dart.
The poisoned dart closely misses you.
The orc warrior hits you with a +0 broad axe!
* * * LOW HITPOINT WARNING * * *
Your Armour skill increases to level 5!
The kobold brigand closely misses you.
The kobold brigand throws a curare-tipped dart.
The curare-tipped dart barely misses you.
The orc warrior barely misses you.
There is a gate leading back out of this place here.
You feel yourself speed up.
The kobold brigand throws a curare-tipped dart.
The curare-tipped dart hits you.
You are poisoned.
You have difficulty breathing.
* * * LOW HITPOINT WARNING * * *
You feel yourself slow down.
The orc warrior hits you with a +0 broad axe!
* * * LOW HITPOINT WARNING * * *
A demonic guardian appears!
You block the orc warrior's attack.
The orc warrior barely misses your rust devil.
The orc warrior misses you.
The orc warrior hits your rust devil but does no damage.
Welcome back to the Dungeon!
You die...

..###.....#.########.....#.#
..#....##ยง#.....!..........#
..#.##.##.#.####.###.....###. ..#
>.#.....#.# #.# ###.### #.#..#
#.#..#..#.##...#.# ###.# #.#..#
#.#..#.......###'###...#####.#..#
....#.....##.#!!.!.##...........#
..........####.))).##>...........
..........##.#!.@.!##............
..........##.#.!o..##............
..........##.#.....##............
.............#######.......#.#..#
.........#...#.........#####.#..#
###..........................#..#
###....###...#.........#######..#
.......# #...#.........# #..#
.......# #...#.........# #..#


You could see an orc warrior.

Vanquished Creatures
  Pikel (D:6)
  Grinder (D:5)
  Menkaure (D:6)
  3 water moccasins
  Duvessa (D:6)
  3 sky beasts
  3 black bears
  An orc warrior (Bailey)
  An ogre (D:5)
  3 centaurs
  A phantom (D:4)
  4 kobold brigands (Bailey)
  Blork the orc (D:6)
  5 bullfrogs
  3 scorpions
  Dowan (D:6)
  A crimson imp (D:4)
  2 howler monkeys (D:5)
  4 hounds
  2 iguanas
  6 orc priests
  A sleepcap (D:6)
  2 jellies
  Jessica (D:3)
  Natasha (thrice) (D:3)
  3 orc wizards (D:6)
  Robin (D:3)
  5 gnolls
  6 adders
  A shadow imp (D:5)
  2 white imps
  2 ufetubi (D:6)
  A worm (D:2)
  2 dart slugs
  21 orcs
  6 bats
  2 endoplasms (D:4)
  6 giant cockroaches
  21 goblins
  13 hobgoblins
  4 jackals (D:1)
  3 quokkas
  7 ball pythons
  3 frilled lizards
  18 kobolds
  4 rats
186 creatures vanquished.

Vanquished Creatures (collateral kills)
  3 orcs (D:4)
  A hobgoblin (D:4)
4 creatures vanquished.

Vanquished Creatures (others)
  An orc wizard (D:3)
1 creature vanquished.

Grand Total: 191 creatures vanquished

Notes
Turn   | Place    | Note
-------+----------+-------------------------------------------
     0 | D:1      | grandjackal the Demonspawn Gladiator began the quest for
                  | the Orb.
     0 | D:1      | Reached XP level 1. HP: 16/16 MP: 1/1
   180 | D:1      | Gained mutation: You have a somewhat thin skeletal
                  | structure. (Dex +2, Stealth+) [demonic ancestry]
   180 | D:1      | Reached XP level 2. HP: 22/22 MP: 2/2
   312 | D:1      | Found a faded altar of an unknown god.
   533 | D:1      | Reached XP level 3. HP: 28/28 MP: 3/3
   564 | D:1      | Reached skill level 1 in Stealth
  1411 | D:3      | Noticed Robin
  1577 | D:2      | Gained mutation: A weak demonic guardian rushes to your
                  | aid. [demonic ancestry]
  1577 | D:2      | Reached XP level 4. HP: 6/34 MP: 4/4
  1691 | D:3      | Killed Robin
  1693 | D:3      | Found Kibb's Antique Weapon Shop.
  1856 | D:3      | Noticed Natasha
  1874 | D:3      | Killed Natasha
  1875 | D:3      | Gained mutation: Your touch may inflict minor irresistible
                  | damage on your foes. [demonic ancestry]
  1875 | D:3      | Reached XP level 5. HP: 12/41 MP: 5/5
  2073 | D:3      | Found Amo Fonomm's Weapon Shop.
  2201 | D:3      | Found Duyluy's Weapon Shoppe.
  2252 | D:3      | Noticed Natasha
  2263 | D:3      | Killed Natasha
  2382 | D:3      | Noticed Jessica
  2384 | D:3      | Killed Jessica
  2738 | D:3      | Noticed Natasha
  2743 | D:3      | Killed Natasha
  2744 | D:3      | Gained mutation: You have a moderately thin skeletal
                  | structure. (Dex +4, Stealth++) [demonic ancestry]
  2744 | D:3      | Reached XP level 6. HP: 32/47 MP: 6/6
  3039 | D:4      | Reached XP level 7. HP: 26/54 MP: 7/7
  3496 | D:4      | Found a burning altar of Makhleb.
  3497 | D:4      | Found a shimmering altar of Xom.
  3737 | D:5      | Entered Level 5 of the Dungeon
  3815 | D:5      | Reached skill level 5 in Dodging
  3815 | D:5      | Reached XP level 8. HP: 58/61 MP: 8/8
  3820 | D:5      | Reached skill level 5 in Fighting
  3820 | D:5      | Reached skill level 5 in Long Blades
  3843 | D:4      | Reached skill level 1 in Armour
  4486 | D:5      | Found a broken altar of Ashenzari.
  4566 | D:5      | Found an opulent altar of Gozag.
  4606 | D:6      | Noticed Grinder
  4608 | D:6      | Noticed Pikel
  4759 | D:5      | Killed Grinder
  4760 | D:5      | Reached skill level 5 in Stealth
  5003 | D:6      | Noticed Menkaure
  5021 | D:6      | Killed Pikel
  5022 | D:6      | Reached XP level 9. HP: 60/69 MP: 9/9
  5026 | D:6      | Killed Menkaure
  5312 | D:6      | Noticed Dowan
  5481 | D:6      | Noticed Duvessa
  5486 | D:6      | Killed Duvessa
  5507 | D:6      | Killed Dowan
  5676 | D:6      | Found a staircase to the Ecumenical Temple.
  5682 | Temple   | Entered the Ecumenical Temple
  5693 | Temple   | Became a worshipper of Dithmenos the Shadowed
  5719 | D:6      | Noticed Blork the orc
  5724 | D:6      | Killed Blork the orc
  5825 | D:6      | Reached skill level 1 in Invocations
  6777 | D:8      | Reached * piety under Dithmenos
  6999 | D:8      | Found a flagged portal.
  7015 | Bailey   | Entered a bailey
  7049 | Bailey   | Reached XP level 10. HP: 60/79 MP: 12/12
  7282 | Bailey   | Found a bloodstained altar of Trog.
  7298 | Bailey   | Reached skill level 5 in Armour
  7300 | Bailey   | HP: 2/79 [orc warrior/+0 broad axe (14)]
  7301 | D:8      | Succumbed to a kobold brigand's curare-tipped dart

Illustrated notes

Levels and vault maps discovered:
D:1:      beargit_arrival_diablo_church, layout_basic,
          ebering_ecumenical_altar_abandoned, st_stairs_2,
          minmay_misc_feat_four_crosses
D:2:      layout_loops_ring, minivault_23
D:3:      layout_basic, serial_shops, shop, nicolae_shop_tiny_statue_garden,
          shop, kennysheep_another_room, uniq_jessica, uniq_natasha, uniq_robin
D:4:      layout_basic, grunt_temple_overflow_champion_of_chaos, minmay_ruptured
D:5:      layout_rooms, general_overflow_altar, lemuel_doored_altar,
          marbit_many_paths
D:6:      layout_loops_cross, minmay_temple_entry_grid, uniq_duvessa,
          uniq_blork_the_orc, uniq_grinder, uniq_pikel, uniq_menkaure
D:7:      layout_cave_pools, hangedman_decor_riveting
D:8:      layout_basic, enter_bailey_7
Temple:   eino_wide_crystal_templ

Skill      XL: |  1  2  3  4  5  6  7  8  9 10 |
---------------+-------------------------------+-----
Throwing       | 2 |  2.0
Dodging        | 3 4 5 |  5.0
Long Blades    | 3 4 6 7 |  7.2
Stealth        | 1 2 3 4 5 6 |  6.2
Fighting       | 3 4 6 7 |  7.5
Armour         | 3 4 5 |  5.0
Invocations    | 3 4 |  4.2

Action                     |  1- 3 |  4- 6 |  7- 9 | 10-12 || total
---------------------------+-------+-------+-------+-------++-------
  Melee: Long sword        |   133 |    64 |   209 |    23 ||   429
         Dagger            |    22 |    41 |    62 |     2 ||   127
         Touch             |       |     9 |    52 |     3 ||    64
         Punch             |       |     1 |     4 |       ||     5
   Stab: Sleeping          |     7 |    12 |    15 |     1 ||    35
 Armour: Leather armour    |    87 |    54 |    15 |       ||   156
         Ring mail         |       |       |   131 |    24 ||   155
  Dodge: Dodged            |   109 |    65 |   192 |    49 ||   415
  Block: Other             |    36 |    29 |    53 |    11 ||   129
         Reflection        |       |     1 |     1 |       ||     2

Table legend: (Time is in decaauts)
 A = Elapsed time spent in this place.
 B = Non-inter-level travel time spent in this place.
 C = Inter-level travel time spent in this place.
 D = Time resting spent in this place.
 E = Time spent auto-exploring this place.
 F = Levels seen in this place.
 G = Mean time per level.
                   A        B        C        D        E       F      G
               +--------+--------+--------+--------+--------+-----+--------+
         Total |   7359 |   7092 |    267 |   1985 |   3145 |  10 |  735.9 |
       Dungeon |   7039 |   6783 |    256 |   1839 |   3140 |   8 |  879.9 |
        Temple |     22 |     11 |     11 |      0 |      0 |   1 |   22.0 |
        Bailey |    296 |    296 |      0 |    146 |      5 |   1 |  296.0 |
               +--------+--------+--------+--------+--------+-----+--------+

Top non-repeatable levels by time:
     D:4: 1211 daAuts
     D:3: 1146 daAuts
     D:6: 1131 daAuts
     D:5: 1018 daAuts
     D:2: 859 daAuts
     D:1: 849 daAuts
     D:7: 508 daAuts
     D:8: 315 daAuts
  Bailey: 296 daAuts
  Temple: 22 daAuts
